 Dungeon Crawl Stone Soup version 0.32-a0-329-ge6c31236d6 (webtiles) character file.

Game seed: 922588644228349898

8 Bravepunisher the Ducker (level 2, 0/16 HPs)
             Began as a Spriggan Monk on Feb 16, 2024.
             Was a Believer of Okawaru.
             Killed from afar by an orc wizard (8 damage)
             ... with a puff of flame
             ... on level 3 of the Dungeon.
             The game lasted 00:04:51 (1062 turns).

Bravepunisher the Ducker (Spriggan Monk)            Turns: 1062, Time: 00:04:51

Health: 0/16       AC:  2    Str:  7    XL:     2   Next: 0%
Magic:  3/3        EV: 18    Int: 11    God:    Okawaru [**....]
Gold:   40         SH:  4    Dex: 17    Spells: 1/1 levels left

rFire   . . .        a - +0 short sword
rCold   . . .        d - +0 buckler
rNeg    . . .        b - +0 robe
rPois   .            (helmet restricted)
rElec   .            (no cloak)
rCorr   .            (gloves unavailable)
SInv    +            (boots unavailable)
Will    .....        (no amulet)
Stlth   ++           (no ring)
HPRegen 0.22/turn    (no ring)
MPRegen 0.08/turn

%: no passive effects
@: lethally poisoned (0 -> -4), very quick
A: very small, no large weapons, unfitting armour, see invisible, speed 3
a: Renounce Religion, Heroism


You were on level 3 of the Dungeon.
You worshipped Okawaru.
Okawaru was pleased with you.
You visited 1 branch of the dungeon, and saw 6 of its levels.

You collected 40 gold pieces.

Inventory:

Hand Weapons
 a - a +0 short sword (weapon)
Armour
 b - a +0 robe (worn)
 d - a +0 buckler (worn)
 i - a +2 cloak
Wands
 c - a wand of charming (6)
Scrolls
 e - a scroll of noise {unknown}
 f - 2 scrolls of enchant weapon {unknown}
 g - a scroll of identify {unknown}
 h - a scroll of teleportation {unknown}


   Skills:
 - Level 2.7 Fighting
 - Level 3.2 Short Blades
 - Level 4.0 Dodging
 + Level 0.4 Shields
 * Level 0.0 Invocations


You had one spell level left.
You didn't know any spells.
Your spell library was empty.

Dungeon Overview and Level Annotations

Branches:
Dungeon (6/15)
 Temple: D:4-7

Altars:
Okawaru


Innate Abilities, Weirdness & Mutations

You are very small and have problems with some larger weapons.
You are too small for most types of armour.
You have supernaturally acute eyesight. (SInv)
You cover ground extremely quickly. (Speed+++)


Message History

An iguana comes into view.
The iguana hisses angrily.
An endoplasm comes into view.
Found a long sword.
The endoplasm quivers.
The endoplasm completely misses you.
The endoplasm jiggles.
f - 2 scrolls labelled NUXE XEGUVIN (gained 1)
There is an open door here.
You see here a +0 flail.
There is a stone staircase leading up here.
You climb upwards.
You hear the sound of rushing water.
There is an entrance to a sewer on this level.
Hurry and find it before the portal rusts away!
You hear the rapid rusting of a distant drain.
The orc hits you with a +0 hand axe. The orc completely misses you.
The iguana misses you.
There is a stone staircase leading down here.
Unknown command.
Found a pair of boots.
You block the orc's attack.
The ribbon worm expels a string of sticky webbing.
The stream of webbing misses you.
The orc wizard casts a spell.
The orc wizard flickers and vanishes for a moment.
Found 13 gold pieces.
You see here a +0 pair of boots.
You see here a book of Touch.
The kobold hits you with a +1 dagger of venom.
You are poisoned.
Unknown command.
You feel sick. The kobold attacks as it pursues you!
You block the kobold's attack.
You feel sick.
You feel sick.
You feel sick.
The kobold throws a stone.
The stone closely misses you.
The orc wizard points at you and mumbles some strange words.
The puff of flame hits you!
Ouch! That really hurt!
You die...

#.###.#...... .
###...........#.#
####.....#...#...#.##
......?..$...#......#
#......##..##..##.#
#......#........#.#
#.....#...........#
#.................#
..#..#...#....>.@.#.#
.........#........#.#
..##.#..#.......K...#
..##.#..#....Koo...##
..w......#..w.....###
.......####.o##..##.#
.#.#...# #.###..##.#
.......# #.#
##:##.#### ##.....#
#.# #.[.....#


You could see a ribbon worm, an orc wizard (invisible), 2 orcs and 2 kobolds.

Vanquished Creatures
  An orc (D:4)
  A bat (D:1)
  A quokka (D:4)
  A rat (D:1)
4 creatures vanquished.

Notes
Turn   | Place    | Note
-------+----------+-------------------------------------------
     0 | D:1      | Bravepunisher the Spriggan Monk began the quest for the
                  | Orb.
     0 | D:1      | Reached XP level 1. HP: 11/11 MP: 2/2
   201 | D:3      | Noticed an iguana
   217 | D:3      | Noticed an orc wizard
   276 | D:4      | Reached XP level 2. HP: 6/16 MP: 3/3
   389 | D:5      | Entered Level 5 of the Dungeon
   689 | D:5      | Noticed an ice beast
   758 | D:6      | Found an iron altar of Okawaru.
   805 | D:6      | Became a worshipper of Warmaster Okawaru
   805 | D:6      | Reached * piety under Okawaru
   805 | D:6      | Reached ** piety under Okawaru
  1062 | D:3      | Killed from afar by an orc wizard

Illustrated notes

Levels and vault maps discovered:
D:1:      scummos_arrival_hexagon, layout_rooms
D:2:      layout_basic, chequers_serial_rivers_micro_e, guppyfry_early_orc_mine
D:3:      layout_basic, grunt_dithmenos_smoke_and_mirrors, slow_altar_1,
          hellmonk_ecumenical_altar_arch_garden, portal_sewer_entry_d,
          st_stairs_5, minmay_misc_feat_pillars
D:4:      layout_basic
D:5:      layout_basic, fedhas_altar_2, nicolae_overflow_crystal_walls,
          uniq_grinder, uniq_prince_ribbit1
D:6:      layout_loops_cross, kennysheep_little_box, nicolae_ru_path_of_blood,
          serial_shops, nicolae_take_the_stairs

Action                     || total
---------------------------++-------
  Melee: Short sword       ||    34
  Evoke: Wand              ||     2
    Use: Potion            ||     1
 Armour: Robe              ||    28
  Dodge: Dodged            ||    47
  Block: Buckler           ||    15

Table legend: (Time is in decaauts)
 A = Elapsed time spent in this place.
 B = Non-inter-level travel time spent in this place.
 C = Inter-level travel time spent in this place.
 D = Time resting spent in this place.
 E = Time spent auto-exploring this place.
 F = Levels seen in this place.
 G = Mean time per level.
                   A        B        C        D        E       F      G
               +--------+--------+--------+--------+--------+-----+--------+
         Total |    721 |    709 |     12 |      0 |    370 |   6 |  120.2 |
       Dungeon |    721 |    709 |     12 |      0 |    370 |   6 |  120.2 |
               +--------+--------+--------+--------+--------+-----+--------+

Top non-repeatable levels by time:
     D:5: 237 daAuts
     D:4: 231 daAuts
     D:6: 75 daAuts
     D:2: 60 daAuts
     D:3: 58 daAuts
     D:1: 57 daAuts
